 Dungeon Crawl Stone Soup version 0.28-a0-313-gbc0475efdd (webtiles) character file.

Game seed: 13992339916933218073

42589 siradein the Demolition Troll (level 13, -1/124 HPs)
             Began as a Troll Monk on Sept 1, 2021.
             Was an Elder of Makhleb.
             Slain by a black mamba (12 damage)
             ... on level 5 of the Lair of Beasts.
             The game lasted 01:27:56 (14633 turns).

siradein the Demolition Troll (Troll Monk)         Turns: 14633, Time: 01:27:56

Health: -1/124     AC:  8    Str: 27    XL:     13   Next: 86%
Magic:  22/22      EV: 13    Int:  6    God:    Makhleb [****..]
Gold:   878        SH:  0    Dex: 17    Spells: 12/12 levels left

rFire   + . .      SeeInvis .     - Unarmed
rCold   x . .      Faith    +   (no shield)
rNeg    . . .      Spirit   .   u - +0 troll leather armour {Purgy}
rPois   .          Reflect  .   V - +0 hat {Stlth+}
rElec   .          Harm     .   N - +0 cloak
rCorr   .          Rampage  .   (gloves unavailable)
Will    +....                   (boots unavailable)
Stlth   ++++......              Z - amulet of faith
HPRegen 2.30/turn               W - ring of willpower
MPRegen 0.18/turn               G - ring of Uczopn {Fire Str+2 Dex+4 Slay-4 Stlth+}

@: lethally poisoned (-1 -> -3)
A: large, unfitting armour, claws 3, regeneration 1, shaggy fur 1, tough skin 1
a: Renounce Religion, Minor Destruction, Lesser Servant of Makhleb, Major
Destruction


You were on level 5 of the Lair of Beasts.
You worshipped Makhleb.
Makhleb was greatly pleased with you.
You visited 2 branches of the dungeon, and saw 17 of its levels.
You also visited: Sewer.

You collected 878 gold pieces.

Inventory:

Hand Weapons
 U - a +3 great sword of holy wrath
Armour
 s - a +2 kite shield
 u - a +0 troll leather armour (worn) {Purgy}
 N - a +0 cloak (worn)
 V - a +0 hat of stealth (worn)
Jewellery
 G - the ring of Uczopn (right claw) {Fire Str+2 Dex+4 Slay-4 Stlth+}
   (You found it on level 9 of the Dungeon)

   [ring of fire]

   It enhances your fire magic.
   Str:       It affects your strength (+2).
   Dex:       It affects your dexterity (+4).
   Slay:      It affects your accuracy & damage with ranged weapons and melee
   (-4).
   rF:        It protects you from fire.
   rC:        It makes you vulnerable to cold.
   Stlth:     It makes you more stealthy.
 I - a ring of protection from cold
 W - a ring of willpower (left claw)
 Z - an amulet of faith (around neck)
Wands
 j - a wand of flame (99)
 x - a wand of digging (6)
 C - a wand of charming (8)
 D - a wand of acid (14)
 E - a wand of iceblast (15)
 O - a wand of paralysis (34)
 S - a wand of mindburst (13)
Scrolls
 b - 4 scrolls of fog {unknown}
 e - a scroll of brand weapon {unknown}
 f - 4 scrolls of fear
 l - 2 scrolls of amnesia {unknown}
 m - 4 scrolls of magic mapping {unknown}
 o - a scroll of vulnerability {unknown}
 r - 3 scrolls of enchant weapon {unknown}
 y - 2 scrolls of noise {unknown}
 z - a scroll of summoning {unknown}
 A - 2 scrolls of blinking {unknown}
 H - a scroll of enchant armour {unknown}
 J - 4 scrolls of teleportation {unknown}
 K - a scroll of immolation {unknown}
 Y - a scroll of torment {unknown}
Potions
 c - 3 potions of magic
 d - 3 potions of haste
 g - 3 potions of brilliance
 k - 4 potions of attraction
 n - 5 potions of mutation
 p - 2 potions of lignification
 q - 5 potions of curing
 t - 3 potions of might
 v - a potion of resistance {unknown}
 w - a potion of berserk rage {unknown}
 B - a potion of ambrosia {unknown}
 F - 2 potions of flight {unknown}
 Q - a potion of invisibility
 R - 2 potions of cancellation {unknown}
 X - a potion of degeneration {unknown}
Miscellaneous
 T - a phial of floods


   Skills:
 + Level 7.0 Fighting
 + Level 6.4 Armour
 + Level 7.0 Dodging
 - Level 1.0 Stealth
 + Level 12.3 Unarmed Combat
 * Level 14.5 Invocations


You had 12 spell levels left.
You didn't know any spells.
Your spell library contained the following spells:

 Spells                   Type           Power      Damage    Failure   Level
 Slow                     Hex            0%         N/A       63%         2
 Confusing Touch          Hex            0%         N/A       86%         3
 Conjure Flame            Conj/Fire      0%         6-21      86%         3
 Gell's Gravitas          Tloc           0%         N/A       86%         3
 Ignite Poison            Fire/Tmut/Pois 0%         N/A       86%         3
 Mephitic Cloud           Conj/Pois/Air  0%         N/A       86%         3
 Teleport Other           Tloc           0%         N/A       86%         3
 Vampiric Draining        Necr           0%         2d6       86%         3
 Sticky Flame             Conj/Fire      0%         2d3       99%         4
 Bolt of Magma            Conj/Fire/Erth 0%         4d4       100%        5
 Dispersal                Tloc           0%         N/A       100%        6


Dungeon Overview and Level Annotations

Branches:
Dungeon (11/15)            Temple (0/1) D:5            Lair (6/6) D:10
  Swamp (0/4) Lair:2       Spider (0/4) Lair:4        Slime (0/5) Lair:5
    Orc (0/2) D:11          Sewer (visited)

Altars:
Makhleb
Nemelex Xobeh
Qazlal
Ru
Sif Muna
Trog
Vehumet
Zin
The Shining One

Annotations:
D:7 2 runed translucent doors
Lair:1 1 runed translucent door, 2 transporters, Ynoky's ghost, novice DsFi
Lair:3 1 runed translucent door, varamyr's ghost, journeyman DrFE


Innate Abilities, Weirdness & Mutations

You are too large for most types of armour.
You have claws for hands.
Your natural rate of healing is unusually fast.
You are covered in fur. (AC +1)
You have tough skin. (AC +1)


Message History

The blast of flame hits your neqoxec!!
Your neqoxec dies!
The boulder beetle hits you!!!
* * * LOW HITPOINT WARNING * * *
The boulder beetle stops rolling and uncurls.
The yak gores you.
* * * LOW HITPOINT WARNING * * *
The yak is no longer covered in acid.
The black mamba bites you!
* * * LOW HITPOINT WARNING * * *
The black mamba closely misses you. The black mamba bites you.
* * * LOW HITPOINT WARNING * * *
You are poisoned.
The black mamba poisons you!
You feel very sick. The black mamba barely misses you.
The lindwurm breathes flames at you. The blast of flame hits you!! You resist.
* * * LOW HITPOINT WARNING * * *
There is a stone staircase leading up here.
Things that are here:
a curare-tipped dart; a ring of wizardry; 65 poisoned darts You feel much better.
You feel very sick.
The black mamba bites you but does no damage.
The black mamba bites you.
* * * LOW HITPOINT WARNING * * *
You are more poisoned.
The black mamba poisons you!
You feel extremely sick. The black mamba barely misses you.
The yak closely misses you. The yak gores you.
* * * LOW HITPOINT WARNING * * *
You climb upwards.
You feel extremely sick.
There is a stone staircase leading down here.
You feel very sick. The black mamba bites you!
You die...

## ####.### #######
####...##.###.#P..##
#####.............##P..#
###..#...................##
#......[...................
#........SY...............#
###......Y@...............#
#......................##
##....................###
###......................#
#......................#..
#####.##......................
#.#..###...................##.
#####..##
###..............###...
#.##..## #.........P...## #P..


You could see a black mamba and 2 yaks.

Vanquished Creatures
  A hydra (Lair:2)
  3 death yaks
  A deep elf pyromancer (D:7)
  A wolf spider (Lair:4)
  3 cyclopes
  A will-o-the-wisp (Lair:2)
  2 black mambas
  A gargoyle (D:11)
  8 elephants
  An unseen horror (D:11)
  10 komodo dragons
  6 cane toads
  2 polar bears
  A hornet (D:7)
  Prince Ribbit (D:5)
  6 blink frogs
  9 dream sheep
  27 yaks
  2 redbacks (Lair:4)
  A wraith (D:6)
  2 wyverns
  7 basilisks
  3 steam dragons
  Duvessa (D:5)
  An acid dragon (D:8)
  12 water moccasins
  Purgy (Sewer)
  A black bear (Lair:5)
  4 orc warriors
  2 sky beasts
  14 wolves
  2 ogres
  8 centaurs
  3 kobold brigands
  15 bullfrogs
  2 gnoll sergeants (D:8)
  A water moccasin zombie (D:5)
  2 water moccasin skeletons
  8 killer bees (D:9)
  2 wights (D:7)
  3 howler monkeys
  4 centaur zombies
  A jelly (D:7)
  2 bullfrog skeletons
  3 hounds
  2 gnoll shamans
  9 orc priests
  2 iguanas
  9 orc wizards
  A hound skeleton (D:4)
  22 gnolls
  2 adders (D:3)
  A white imp (D:7)
  2 worms (D:3)
  A dart slug (D:4)
  35 orcs
  4 endoplasms
  A giant cockroach (Sewer)
  5 hobgoblins
  4 jackals (D:3)
  17 kobolds
  2 quokkas
  8 ball pythons
  9 bats
  A frilled lizard (D:1)
  3 goblins
  6 rats
337 creatures vanquished.

Vanquished Creatures (collateral kills)
  Gastronok (Lair:2)
  2 boulder beetles
  2 two-headed ogres
  2 elephants (Lair:5)
  A centaur zombie (D:11)
  3 black mambas
  3 cane toads
  A komodo dragon (Lair:3)
  A hornet (D:9)
  2 jumping spiders (Lair:4)
  3 dream sheep (Lair:6)
  5 blink frogs
  A vampire (D:7)
  Grum (D:9)
  9 yaks
  2 acid dragons
  3 wolves
  An ogre (D:7)
  2 gnoll sergeants (D:11)
  A bullfrog (Lair:4)
  Dowan (D:5)
  2 wights (D:7)
  A howler monkey (D:10)
  7 gnolls
  A white imp (D:7)
58 creatures vanquished.

Vanquished Creatures (others)
  4 foxfires (Lair:2)
  21 fungi
  14 plants
39 creatures vanquished.

Grand Total: 434 creatures vanquished

Notes
Turn   | Place    | Note
-------+----------+-------------------------------------------
     0 | D:1      | siradein the Troll Monk began the quest for the Orb.
     0 | D:1      | Reached XP level 1. HP: 22/22 MP: 0/0
   127 | D:1      | Reached XP level 2. HP: 18/29 MP: 1/1
   146 | D:1      | You fall into a shaft and drop 1 floor!
   424 | D:1      | Found a faded altar of an unknown god.
   434 | D:1      | Reached XP level 3. HP: 36/36 MP: 2/2
   667 | D:2      | Found a burning altar of Makhleb.
   765 | D:2      | Became a worshipper of Makhleb the Destroyer
   765 | D:2      | Reached * piety under Makhleb
   765 | D:2      | Reached ** piety under Makhleb
  1075 | D:3      | Reached skill level 1 in Invocations
  1108 | D:3      | Reached XP level 4. HP: 44/44 MP: 3/3
  1327 | D:3      | You fall into a shaft and drop 1 floor!
  1327 | D:4      | Noticed a sky beast
  1332 | D:4      | Killed a sky beast
  1333 | D:4      | Reached skill level 2 in Invocations
  1333 | D:4      | Reached XP level 5. HP: 50/50 MP: 4/6
  1352 | D:4      | Reached skill level 5 in Unarmed Combat
  1510 | D:3      | Found a stormy altar of Qazlal.
  1516 | D:3      | Found a glowing golden altar of the Shining One.
  1520 | D:3      | Reached skill level 3 in Invocations
  1713 | D:4      | Found a glowing silver altar of Zin.
  1792 | D:4      | Found a sacrificial altar of Ru.
  1884 | D:4      | Found a burning altar of Makhleb.
  1962 | D:4      | Reached XP level 6. HP: 59/59 MP: 7/7
  2408 | D:5      | Entered Level 5 of the Dungeon
  2420 | D:5      | Noticed Prince Ribbit
  2423 | D:5      | Found a glowing drain.
  2436 | D:5      | Reached skill level 4 in Invocations
  2508 | Sewer    | Entered a sewer
  2523 | Sewer    | Noticed Purgy
  2535 | Sewer    | Killed Purgy
  2579 | Sewer    | Reached *** piety under Makhleb
  2580 | Sewer    | Reached XP level 7. HP: 66/66 MP: 9/9
  2701 | D:5      | Reached skill level 5 in Invocations
  2888 | D:5      | Found a sparkling altar of Nemelex Xobeh.
  2965 | D:5      | Reached skill level 6 in Invocations
  3025 | D:5      | Found a staircase to the Ecumenical Temple.
  3128 | D:5      | Reached XP level 8. HP: 74/74 MP: 11/11
  3165 | D:5      | Noticed Duvessa
  3165 | D:5      | Noticed Dowan
  3172 | D:5      | Killed Duvessa
  3179 | D:5      | Killed Dowan
  3193 | D:5      | Killed Prince Ribbit
  3194 | D:5      | Reached skill level 7 in Invocations
  4198 | D:7      | Reached skill level 8 in Invocations
  4273 | D:7      | Reached XP level 9. HP: 48/80 MP: 14/14
  4395 | D:7      | Found a large runed translucent door.
  4395 | D:7      | Found a large runed translucent door.
  4476 | D:7      | Noticed a deep elf pyromancer
  4491 | D:7      | Found a large runed translucent door.
  4491 | D:7      | Found a large runed translucent door.
  4503 | D:7      | Reached skill level 9 in Invocations
  4830 | D:7      | Identified the +1 ring mail of the Bull {Regen+ Dex+5}
  4887 | D:7      | Paralysed by a hornet for 1 turns
  4897 | D:7      | Noticed a two-headed ogre
  4904 | D:7      | Killed a two-headed ogre
  4905 | D:7      | Reached skill level 10 in Invocations
  5000 | D:8      | Reached **** piety under Makhleb
  5024 | D:8      | Reached XP level 10. HP: 88/88 MP: 16/16
  5082 | D:8      | Found a bloodstained altar of Trog.
  5815 | D:9      | Noticed a cyclops
  5845 | D:9      | Reached skill level 11 in Invocations
  6074 | D:9      | Found a radiant altar of Vehumet.
  6092 | D:9      | Identified the ring of Uczopn {Fire Str+2 Dex+4 Slay-4
                  | Stlth+}
  6130 | D:9      | Reached skill level 10 in Unarmed Combat
  6172 | D:9      | Reached skill level 1 in Armour
  6260 | D:9      | Noticed Grum
  6330 | D:9      | Killed Grum
  6542 | D:9      | Found a shimmering blue altar of Sif Muna.
  6592 | D:10     | Entered Level 10 of the Dungeon
  6715 | D:10     | Found a staircase to the Lair.
  6886 | D:10     | Killed a cyclops
  7001 | D:10     | Reached XP level 11. HP: 97/97 MP: 18/18
  7293 | D:11     | Noticed a two-headed ogre
  7349 | D:10     | Killed a two-headed ogre
  7367 | D:10     | Reached skill level 12 in Invocations
  7796 | D:11     | Found a staircase to the Orcish Mines.
  7796 | D:11     | Noticed a boulder beetle
  7810 | D:11     | Killed a boulder beetle
  8448 | D:7      | Killed a deep elf pyromancer
  8653 | Lair:1   | Entered Level 1 of the Lair of Beasts
  8788 | Lair:1   | Noticed Ynoky's ghost (novice DsFi)
  8790 | Lair:1   | Found a runed translucent door.
  8974 | Lair:1   | Found a transporter.
  9111 | Lair:1   | Found a transporter.
  9516 | Lair:2   | Found a staircase to the Swamp.
  9532 | Lair:2   | Reached XP level 12. HP: 85/110 MP: 12/20
  9841 | Lair:2   | Reached skill level 5 in Fighting
  9841 | Lair:2   | Reached skill level 5 in Dodging
  9915 | Lair:2   | Noticed a five-headed hydra
  9929 | Lair:2   | Killed a five-headed hydra
  9930 | Lair:2   | Reached skill level 13 in Invocations
 10008 | Lair:2   | Noticed Gastronok
 10055 | Lair:2   | Killed Gastronok
 11017 | Lair:3   | Reached skill level 5 in Armour
 11135 | Lair:3   | Found a runed translucent door.
 11135 | Lair:3   | Noticed varamyr's ghost (journeyman DrFE)
 11484 | Lair:3   | You fall into a shaft and drop 2 floors!
 12301 | Lair:4   | Found a hole to the Spider Nest.
 12308 | Lair:4   | Reached XP level 13. HP: 120/120 MP: 22/22
 13464 | Lair:5   | Reached skill level 14 in Invocations
 13481 | Lair:5   | Found a staircase to the Slime Pits.
 14124 | Lair:6   | Entered Level 6 of the Lair of Beasts
 14629 | Lair:6   | HP: 4/124 [lindwurm/blast of flame (18)]
 14633 | Lair:5   | Slain by a black mamba

Illustrated notes

Levels and vault maps discovered:
D:1:      lemuel_arrival_funnel, layout_rooms,
          shapermc_ecumenical_altar_notcrosses
D:2:      layout_rooms, basic_altar, st_stairs_13
D:3:      layout_loops_cross, mainiacjoe_overflow_large_starburst
D:4:      layout_rooms, mainiacjoe_overflow_paths,
          mainiacjoe_overflow_boulevard, lightli_temple_of_fire
D:5:      layout_loops_ring, nemelex_diamond_rough_becter,
          minmay_temple_entry_overgrown, cheibrodos_sewer_entry_drain,
          kennysheep_generic_room_8, uniq_prince_ribbit1, uniq_duvessa
D:6:      layout_loops_ring
D:7:      layout_loops_cross, minmay_hollow_rounded_squares
D:8:      layout_loops_cross, trog_book
D:9:      layout_roguey, nicolae_overflow_crystal_walls, kennysheep_mini_moat,
          uniq_grum
D:10:     layout_stronghold, dpeg_oklobed_lair, small_statue_alley_a
D:11:     layout_gridville, orc_0_dummy
Lair:1:   gammafunk_worm_tunnel, layout_big_grid,
          hellmonk_ghost_happy_afterlife, infiniplex_staircase_pool_2,
          grunt_megastairs_2
Lair:2:   layout_cave_pods, minmay_swamp_entry_wisps, grunt_megastairs_3,
          uniq_gastronok
Lair:3:   layout_misc_corridors, gammafunk_ghost_grave
Lair:4:   layout_small_grid, spider_nest_entry_funnel_web
Lair:5:   layout_cave_pods, slime_dummy
Lair:6:   evilmike_catoblepas_cave, layout_cave_shapes, lookout_lair_type

Skill      XL: |  1  2  3  4  5  6  7  8  9 10 11 12 13 |
---------------+----------------------------------------+-----
Unarmed Combat | 4 5 6 7 9 10 11 12 | 12.3
Invocations    | 1 2 3 4 6 8 10 11 12 13 14 | 14.5
Armour         | 2 3 5 6 |  6.4
Fighting       | 3 4 6 7 |  7.0
Dodging        | 3 4 6 7 |  7.0
Stealth        | |  1.0

Action                   |  1- 3 |  4- 6 |  7- 9 | 10-12 | 13-15 || total
-------------------------+-------+-------+-------+-------+-------++-------
Melee: Unarmed           |    88 |   119 |   237 |   518 |   216 ||  1178
       Punch             |     1 |     3 |     7 |    37 |    13 ||    61
Throw: Dart              |       |       |     4 |       |       ||     4
Invok: Lesser Servant of |       |       |     4 |    19 |    16 ||    39
       Minor Destruction |       |       |     9 |   129 |    59 ||   197
  Use: Scroll            |       |       |     7 |     1 |     2 ||    10
       Potion            |       |       |       |       |     1 ||     1
 Stab: Sleeping          |     6 |     4 |     2 |     4 |     2 ||    18
       Distracted        |       |       |     1 |     3 |       ||     4
Armor: Robe              |    22 |    27 |       |       |       ||    49
       Troll leather arm |       |       |    58 |    56 |    91 ||   205
       Steam dragon scal |       |       |       |   138 |       ||   138
Dodge: Dodged            |    48 |    70 |    93 |   321 |   187 ||   719

Table legend: (Time is in decaauts)
 A = Elapsed time spent in this place.
 B = Non-inter-level travel time spent in this place.
 C = Inter-level travel time spent in this place.
 D = Time resting spent in this place.
 E = Time spent auto-exploring this place.
 F = Levels seen in this place.
 G = Mean time per level.
                   A        B        C        D        E       F      G
               +--------+--------+--------+--------+--------+-----+--------+
         Total |  14470 |  13962 |    508 |    367 |  10325 |  18 |  803.9 |
       Dungeon |   8408 |   8060 |    348 |    255 |   5810 |  11 |  764.4 |
          Lair |   5889 |   5729 |    160 |    112 |   4414 |   6 |  981.5 |
         Sewer |    172 |    172 |      0 |      0 |    100 |   1 |  172.0 |
               +--------+--------+--------+--------+--------+-----+--------+

Top non-repeatable levels by time:
  Lair:5: 1342 daAuts
  Lair:2: 1313 daAuts
  Lair:4: 1297 daAuts
     D:7: 1023 daAuts
    D:10: 920 daAuts
    D:11: 896 daAuts
     D:5: 875 daAuts
     D:8: 854 daAuts
  Lair:3: 847 daAuts
     D:4: 808 daAuts
     D:9: 797 daAuts
  Lair:1: 764 daAuts
     D:3: 744 daAuts
     D:6: 645 daAuts
     D:2: 495 daAuts
